 Dungeon Crawl Stone Soup version 0.32-a0-868-g153ae1a8d6 (webtiles) character file.

Game seed: 6518908974052757502

827 zenocrate the Insei (level 7, -2/49 HPs)
             Began as an Octopode Earth Elementalist on Mar 28, 2024.
             Was an Initiate of Ru.
             Slain by Edmund
             ... wielding a +1 heavy dire flail
              (24 damage)
             ... on level 6 of the Dungeon.
             The game lasted 00:04:23 (4199 turns).

zenocrate the Insei (Octopode Earth Elementalist)   Turns: 4199, Time: 00:04:23

Health: -2/49      AC:  1    Str: 10    XL:     7   Next: 97%
Magic:  5/10       EV: 12    Int: 17    God:    Ru [......]
Gold:   256        SH:  0    Dex: 12    Spells: 2/10 levels left

rFire   . .          .
                       - Unarmed
rCold   . . .        (no shield)
rNeg    . . .        (helmet restricted)
rPois   +            n - amulet of magic regeneration
rElec   .            v - ring of poison resistance
rCorr   .            (no ring)
SInv    .            (no ring)
Will    .....        (no ring)
Stlth   +++          (no ring)
HPRegen 0.28/turn    (no ring)
MPRegen 0.52/turn    (no ring)
                     (no ring)

%: no passive effects
@: very slightly contaminated
A: almost no armour, amphibious, 8 rings, camouflage 1, gelatinous body 1,
(nimble swimmer 1), tentacles
a: Renounce Religion


You were on level 6 of the Dungeon.
You worshipped Ru.
Ru was noncommittal.
You visited 1 branch of the dungeon, and saw 6 of its levels.

You collected 256 gold pieces.

Inventory:

Jewellery
 n - an amulet of magic regeneration (around mantle)
 v - a ring of poison resistance (left tentacle)
Talismans
 g - a storm talisman
 r - a blade talisman
Scrolls
 b - 3 scrolls of teleportation
 c - 2 scrolls of fog {unknown}
 d - 3 scrolls of immolation
 h - 2 scrolls of amnesia {unknown}
 i - a scroll of vulnerability {unknown}
 j - a scroll of revelation {unknown}
 k - a scroll of enchant weapon {unknown}
 l - 5 scrolls of blinking
 p - a scroll of noise {unknown}
 s - 2 scrolls of fear {unknown}
 t - a scroll of brand weapon {unknown}
 u - a scroll of enchant armour {unknown}
Potions
 a - a potion of magic
 m - 3 potions of ambrosia
 o - 2 potions of curing
 q - 2 potions of resistance


   Skills:
 - Level 4.4 Fighting
 + Level 2.4 Dodging
 - Level 2.6 Stealth
 + Level 5.1 Unarmed Combat
 - Level 2.0 Spellcasting
 - Level 1.0 Conjurations
 - Level 3.0 Earth Magic
 + Level 4.1 Shapeshifting


You had 2 spell levels left.
You knew the following spells:

 Your Spells              Type           Power      Damage    Failure   Level
a - Stone Arrow           Conj/Erth      16%        3d8       26%         3
b - Sandblast             Erth           22%        2d7       5%          1
c - Tukima's Dance        Hex            1%         N/A       50%         3
m - Apportation           Tloc           2%         N/A       19%         1

Your spell library contained the following spells:

 Spells                   Type           Power      Damage    Failure   Level
 Jinxbite                 Hex            2%         N/A       28%         2
 Passwall                 Erth           11%        N/A       17%         3
 Brom's Barrelling Bould  Conj/Erth      8%         2d3       63%         4
 Petrify                  Alch/Erth      6%         N/A       71%         4
 Iskenderun's Mystic Bla Conj/Tloc 3%             2d3        (+2d1     83%         4
 Dimensional Bullseye     Hex/Tloc       0%         N/A       88%         4
 Alistair's Intoxication  Alch           0%         N/A       99%         5
 Lehudib's Crystal Spear  Conj/Erth      4%         10d3      100%        8
 Animate Armour           Summ/Erth      Unusable   N/A       N/A         4

Dungeon Overview and Level Annotations

Branches:
Dungeon (6/15)
 Temple: D:4-7

Altars:
Elyvilon
Fedhas
Makhleb
Ru
Sif Muna
Yredelemnul
The Shining One

Annotations:
D:6 Edmund


Innate Abilities, Weirdness & Mutations

You cannot wear most types of armour.
You are amphibious.
You can wear up to eight rings at the same time.
Your skin changes colour to match your surroundings (Stealth+).
Your rubbery body absorbs attacks. (AC +1, EV +1)
((You are camouflaged when in or above water. (Stealth+)))
You have tentacles for arms and can constrict up to eight enemies at once.


Message History

You squeeze Edmund.
Edmund is lightly wounded.
You constrict Edmund.
Edmund hits you with a +1 heavy dire flail!
You tentacle-slap Edmund but do no damage.
Edmund is moderately wounded.
You constrict Edmund.
Edmund hits you with a +1 heavy dire flail!
Unknown command.
Okay, then.
Okay, then.
Okay, then.
Okay, then.
Casting: Stone Arrow (dangerous; 26% risk of failure)
Confirm with . or Enter, or press ? or * to list all spells.
Aiming: Sandblast (safe; 5% risk of failure)
Press: ? - help, Shift-Dir - straight line, f - Edmund
Aim: Edmund, wielding a +1 heavy dire flail and wearing a +0 chain mail (moderately wounded, constricted by you, 100% to hit)
Okay, then.
Casting: Sandblast (safe; 5% risk of failure)
Confirm with . or Enter, or press ? or * to list all spells.
Aiming: Stone Arrow (dangerous; 26% risk of failure)
Press: ? - help, Shift-Dir - straight line, f - Edmund
Aim: Edmund, wielding a +1 heavy dire flail and wearing a +0 chain mail (moderately wounded, constricted by you, 100% to hit)
The stone arrow hits Edmund.
Edmund is moderately wounded.
You constrict Edmund.
Unknown command.
Casting: Stone Arrow (dangerous; 26% risk of failure)
Confirm with . or Enter, or press ? or * to list all spells.
Aiming: Stone Arrow (dangerous; 26% risk of failure)
Press: ? - help, Shift-Dir - straight line, f/p - Edmund
Aim: Edmund, wielding a +1 heavy dire flail and wearing a +0 chain mail (heavily wounded, constricted by you, 100% to hit)
You miscast Stone Arrow.
You are very lightly contaminated with residual magic.
Nothing appears to happen.
You constrict Edmund.
Edmund hits you with a +1 heavy dire flail!!
You die...
Edmund whines, "They better pay attention to me now!"
Ru respects your ultimate sacrifice.

## ######## ###.###
.......########.....#
....................###
.......................
........######......##
......### #........#
....### #...@....#
...## #....@...# #..#
##......## #...#
##.....# #...# ##....#
##..# ##...# ##... #..#
.#...# ### .##..#


You could see Edmund.

Vanquished Creatures
  A water moccasin (D:5)
  An ogre (D:4)
  2 centaurs (D:5)
  A scorpion (D:5)
  A howler monkey (D:5)
  4 jellies
  4 iguanas
  6 adders
  A shadow imp (D:4)
  A white imp (D:5)
  2 ufetubi (D:5)
  4 dart slugs
  A ribbon worm (D:2)
  2 orcs
  6 endoplasms
  4 giant cockroaches
  9 goblins
  5 hobgoblins
  6 jackals
  6 kobolds
  A quokka (D:2)
  4 ball pythons
  4 bats
  A frilled lizard (D:2)
  5 rats
82 creatures vanquished.

Notes
Turn   | Place    | Note
-------+----------+-------------------------------------------
     0 | D:1      | zenocrate the Octopode Earth Elementalist began the quest
                  | for the Orb.
     0 | D:1      | Reached XP level 1. HP: 11/11 MP: 3/3
    99 | D:1      | Reached skill level 1 in Unarmed Combat
   116 | D:1      | Reached XP level 2. HP: 17/17 MP: 5/5
   180 | D:1      | Found a faded altar of an unknown god.
   586 | D:1      | Reached skill level 2 in Unarmed Combat
   835 | D:2      | Reached skill level 1 in Fighting
   835 | D:2      | Reached XP level 3. HP: 23/23 MP: 6/6
   901 | D:2      | Reached skill level 1 in Shapeshifting
  1096 | D:2      | Learned a level 3 spell: Stone Arrow
  1098 | D:2      | Learned a level 1 spell: Apportation
  1249 | D:2      | Reached XP level 4. HP: 28/28 MP: 5/7
  1726 | D:3      | Found a shimmering blue altar of Sif Muna.
  2098 | D:4      | Noticed an ogre
  2196 | D:4      | Reached XP level 5. HP: 34/34 MP: 8/8
  2230 | D:4      | Reached skill level 3 in Unarmed Combat
  2675 | D:4      | Killed an ogre
  2676 | D:4      | Reached XP level 6. HP: 42/42 MP: 5/9
  2958 | D:5      | Entered Level 5 of the Dungeon
  2964 | D:5      | Found a white marble altar of Elyvilon.
  2964 | D:5      | Found a sacrificial altar of Ru.
  2965 | D:5      | Found a burning altar of Makhleb.
  2973 | D:5      | Reached skill level 4 in Unarmed Combat
  2982 | D:5      | Found a glowing golden altar of the Shining One.
  2982 | D:5      | Found a basalt altar of Yredelemnul.
  2983 | D:5      | Found a blossoming altar of Fedhas.
  2992 | D:5      | Reached XP level 7. HP: 40/47 MP: 10/10
  2995 | D:5      | Became a worshipper of Ru the Awakened
  3413 | D:5      | HP: 1/47 [centaur (3)]
  3698 | D:5      | Learned a level 3 spell: Tukima's Dance
  3911 | D:5      | Reached skill level 5 in Unarmed Combat
  4191 | D:6      | Noticed Edmund
  4199 | D:6      | Slain by Edmund

Illustrated notes

Levels and vault maps discovered:
D:1:      amcnicky_arrival_double_pillar, layout_loops_ring,
          hellmonk_ecumenical_altar_blasted
D:2:      layout_rooms
D:3:      layout_basic, mainiacjoe_overflow_tiny_flanked
D:4:      layout_loops_ring
D:5:      layout_loops_ring, grunt_temple_overflow_open,
          chequers_serial_rivers_small_b
D:6:      layout_cave_pods, serial_shops, kennysheep_mini, uniq_edmund

Skill      XL: |  1  2  3  4  5  6  7 |
---------------+----------------------+-----
Unarmed Combat | 1 2 3 4 5 |  5.1
Fighting       | 1 2 3 4 |  4.4
Shapeshifting  | 1 2 3 4 |  4.1
Dodging        | |  2.4
Stealth        | |  2.6
Spellcasting   | |  2.0
Conjurations   | |  1.0
Earth Magic    | |  3.0

Action                     |  1- 3 |  4- 6 |  7- 9 || total
---------------------------+-------+-------+-------++-------
  Melee: Unarmed           |    41 |    51 |    41 ||   133
         Constrict         |    14 |    13 |    12 ||    39
         Tentacles         |    16 |     9 |    11 ||    36
         Punch             |       |       |     4 ||     4
   Cast: Sandblast         |    16 |    27 |     9 ||    52
         Stone Arrow       |       |     1 |     2 ||     3
    Use: Scroll            |       |     7 |       ||     7
         Potion            |       |       |     2 ||     2
   Stab: Sleeping          |     8 |     5 |     4 ||    17
 Armour: Skin              |    28 |    29 |    47 ||   104
  Dodge: Dodged            |    17 |    22 |    45 ||    84

Table legend: (Time is in decaauts)
 A = Elapsed time spent in this place.
 B = Non-inter-level travel time spent in this place.
 C = Inter-level travel time spent in this place.
 D = Time resting spent in this place.
 E = Time spent auto-exploring this place.
 F = Levels seen in this place.
 G = Mean time per level.
                   A        B        C        D        E       F      G
               +--------+--------+--------+--------+--------+-----+--------+
         Total |   4217 |   4038 |    179 |      0 |   3442 |   6 |  702.8 |
       Dungeon |   4217 |   4038 |    179 |      0 |   3442 |   6 |  702.8 |
               +--------+--------+--------+--------+--------+-----+--------+

Top non-repeatable levels by time:
     D:5: 1164 daAuts
     D:4: 860 daAuts
     D:1: 826 daAuts
     D:3: 811 daAuts
     D:2: 501 daAuts
     D:6: 52 daAuts
